AoeStats
← fgzsmrf

Four Lakes

509514000Analyzed
1v1 RM · 6d ago on Sep 27, 2026· 20m 22s· 2 players
Game mode
Random Map
Map size
Tiny (2 player)
Population
200
Speed
Normal
Resources
Standard
Victory
Conquest
Starting age
Dark Age
Ending age
Imperial Age
RankedLock teamsTeams togetherTeam positionsShared explorationLock speedFull tech treeHidden civsTurbo modeCheats
Victory
Defeat
🇺🇸 Koreans · United States
1063
+14
🇨🇴 Celts · Colombia
1021
-14
Zero Vitae
7:14 Loom
11:30 Feudal Age
13:01 Double-Bit Axe
15:46 Castle Age
14:22 Forging
16:20 Fletching
fgzsmrf
8:37 Loom
10:49 Feudal Age
11:47 Double-Bit Axe
13:57 Fletching
19:40 Castle Age
18:08 Gold Mining
19:44 Crossbowman
Connection lost

Rejoining the realm…

Still unreachable

The connection could not be restored.

Session expired

The server has moved on; the page needs a fresh start.